 Dungeon Crawl Stone Soup version 0.29.1-1-gd02db6906a (webtiles) character file.

Game seed: 936476011253981635

6961 GeoRichter the Carver (level 10, -3/79 HPs)
             Began as a Demonspawn Gladiator on Oct 18, 2022.
             Was an Initiate of Gozag.
             Slain by a cane toad (20 damage)
             ... on level 8 of the Dungeon.
             The game lasted 00:26:54 (12488 turns).

GeoRichter the Carver (Demonspawn Gladiator)       Turns: 12488, Time: 00:26:55

Health: -3/79      AC:  7    Str: 14    XL:     10   Next: 81%
Magic:  10/10      EV: 14    Int: 11    God:    Gozag
Gold:   959        SH:  0    Dex: 18    Spells: 9/9 levels left

rFire   . . .      SeeInvis .   a - +0 long sword
rCold   . . .      Faith    .   (no shield)
rNeg    . . .      Spirit   .   h - +0 ring mail
rPois   .          Reflect  .   (helmet restricted)
rElec   .          Harm     .   L - +0 cloak
rCorr   +          Rampage  .   (no gloves)
Will    +....                   (boots unavailable)
Stlth   +.........              j - amulet of magic regeneration
HPRegen 0.23/turn               n - ring of willpower
MPRegen 0.52/turn               z - ring of resist corrosion

@: hasted, very quick
A: antennae 2, hooves 3, powered by death 2, demonic touch 2
a: Renounce Religion, Potion Petition, Call Merchant, Bribe Branch


You were on level 8 of the Dungeon.
You worshipped Gozag.
Gozag was pleased with you.
You visited 2 branches of the dungeon, and saw 10 of its levels.
You also visited: Sewer and Ossuary.

You collected 2191 gold pieces.
You spent 58 gold pieces at shops.
You paid 1174 gold pieces to Gozag.

Inventory:

Hand Weapons
 a - a +0 long sword (weapon)
 F - a +3 dagger
   (You took it off a wight on level 8 of the Dungeon)
Missiles
 b - 11 boomerangs (quivered)
 d - 3 throwing nets {!f}
Armour
 h - a +0 ring mail (worn)
   (You found it on level 1 of the Dungeon)
 L - a +0 cloak (worn)
   (You bought it in a shop on level 9 of the Dungeon)
Jewellery
 j - an amulet of magic regeneration (around neck)
   (You found it on level 1 of the Dungeon)
 n - a ring of willpower (left hand)
   (You found it on level 2 of the Dungeon)
 z - a ring of resist corrosion (right hand)
   (You found it in an ossuary)
 H - a ring of positive energy
   (You found it on level 5 of the Dungeon)
Wands
 k - a wand of flame (6)
   (You found it on level 2 of the Dungeon)
 p - a wand of roots (9)
   (You found it on level 8 of the Dungeon)
 I - a wand of paralysis (2)
   (You found it on level 6 of the Dungeon)
Scrolls
 c - 3 scrolls of enchant weapon {unknown}
 i - a scroll of noise {unknown}
 l - 3 scrolls of brand weapon {unknown}
 m - 4 scrolls of teleportation {unknown}
 s - 3 scrolls of poison {unknown}
 t - a scroll of vulnerability {unknown}
 v - 3 scrolls of fog {unknown}
 x - a scroll of torment {unknown}
 y - a scroll of amnesia
 C - 2 scrolls of immolation {!r}
 E - a scroll of blinking
 K - a scroll of fear {unknown}
 M - a scroll of magic mapping {unknown}
Potions
 f - 6 potions of attraction {!q}
 g - 4 potions of curing {@q1}
 o - 4 potions of invisibility
 q - 3 potions of heal wounds {@q2}
 r - 3 potions of flight
 u - 3 potions of brilliance {unknown}
 w - 3 potions of ambrosia
 A - 3 potions of berserk rage
 B - 6 potions of mutation {!q}
 D - 3 potions of might
 G - a potion of haste {unknown}
 J - a potion of magic {unknown}


   Skills:
 + Level 7.0 Fighting
 * Level 11.1 Long Blades
 - Level 1.7 Throwing
 + Level 5.8 Armour
 + Level 6.6 Dodging
 + Level 2.8 Evocations


You had 9 spell levels left.
You didn't know any spells.
Your spell library contained the following spells:

 Spells                   Type           Power      Damage    Failure   Level
 Magic Dart               Conj           0%         1d3       56%         1
 Shock                    Conj/Air       0%         1d3       56%         1
 Blink                    Tloc           0%         N/A       71%         2
 Call Imp                 Summ           0%         N/A       71%         2
 Confusing Touch          Hex            0%         N/A       90%         3
 Lesser Beckoning         Tloc           0%         N/A       90%         3
 Mephitic Cloud           Conj/Pois/Air  0%         N/A       90%         3
 Swiftness                Air            0%         N/A       90%         3
 Airstrike                Air            0%         2d(0-16)  100%        4
 Dispel Undead            Necr           0%         3d6       100%        4
 Fulminant Prism          Conj/Hex       0%         3d6       100%        4
 Hailstorm                Conj/Ice       0%         3d3       100%        4
 Ice Form                 Ice/Tmut       0%         N/A       100%        4
 Iskenderun's Mystic Bla  Conj/Tloc      0%         2d3       100%        4
 Borgnjor's Vile Clutch   Necr/Erth      0%         N/A       100%        5
 Freezing Cloud           Conj/Ice/Air   0%         6-21      100%        5
 Lee's Rapid Deconstruct  Erth           0%         3d5*      100%        5
 Manifold Assault         Tloc           0%         N/A       100%        5
 Yara's Violent Unravell  Hex/Tmut       0%         3d3       100%        5
 Death Channel            Necr           0%         N/A       100%        6
 Enfeeble                 Hex            0%         N/A       100%        7
 Polar Vortex             Ice            0%         N/A       100%        9
 Animate Dead             Necr           Unusable   N/A       N/A         4
 Corpse Rot               Necr/Pois/Air  Unusable   N/A       N/A         4
 Simulacrum               Ice/Necr       Unusable   N/A       N/A         6

Dungeon Overview and Level Annotations

Branches:
Dungeon (9/15) Zot: 25582  Temple (0/1) D:4            Lair (1/5) D:8 Zot: 5976
  Sewer (visited)         Ossuary (visited)
    Orc: D:9-12

Altars:
Dithmenos
Gozag
Makhleb
Nemelex Xobeh
Okawaru
Qazlal
Uskayaw
Wu Jian
Xom

Shops:
D:9 *


Innate Abilities, Weirdness & Mutations

You have a pair of antennae on your head.
You have hooves in place of feet.
You regenerate health from kills.
Your touch may inflict irresistible damage on your foes.


Message History

There is a staircase back to the Dungeon here.
The blink frog blinks! x2
The cane toad stings you but does no damage.
The bullfrog hits you.
You climb upwards.
Welcome back to the Dungeon!
There is a staircase to the Lair here.
The cane toad attacks as you move away!
The cane toad stings you but does no damage.
The cane toad attacks as you move away! The cane toad closely misses you.
The cane toad attacks as you move away! The cane toad stings you!
You are poisoned.
The cane toad poisons you!
You feel very sick.
You slash the cane toad!
You touch the cane toad.
You feel very sick. The cane toad stings you!
* * * LOW HITPOINT WARNING * * *
You are lethally poisoned!
The cane toad poisons you! [a] - 288 gold - invisibility and might [b] - 375 gold - haste and heal wounds [c] - 390 gold - heal wounds and magic Purchase which effect?
You feel yourself speed up.
You feel much better.
You feel extremely sick. The cane toad stings you!!
* * * LOW HITPOINT WARNING * * *
The bullfrog closely misses you. The cane toad stings you.
* * * LOW HITPOINT WARNING * * *
You are more poisoned.
The cane toad poisons you!
You slash the cane toad! Your touch misses the cane toad.
* * * LOW HITPOINT WARNING * * *
You feel extremely sick.
The bullfrog hits you but does no damage.
You hit the cane toad but do no damage. Your touch misses the cane toad.
* * * LOW HITPOINT WARNING * * *
You feel very sick. The bullfrog closely misses you.
The cane toad closely misses you.
You feel better. The bullfrog hits you.
* * * LOW HITPOINT WARNING * * *
The cane toad stings you but does no damage.
Aim: a cane toad (heavily wounded, chance to affect: 55%)
The cane toad resists with significant effort.
The bullfrog barely misses you.
Aim: a cane toad (heavily wounded, chance to affect: 55%)
The cane toad resists with significant effort.
The cane toad stings you!!
You die...
Your body crumbles into a pile of gold.

#....## #######.....###
########
#....#........#####......#
#.......###:..............
#..###### #........##'####
#..# ##>.......#...# #..#
#.........#...# #..##
##F.####...#._.# ####
#...#####@F## ###.#######
...## ###...##..##
#......... ....##
###.....# ##.........
.....# ##...## #...###....
.....# ##.## #..## ##..#
.....## ### #..# ####
......######### #..#
..............## #..#
......######...# #..#


You could see a cane toad and a bullfrog.

Vanquished Creatures
  Amaemon (Lair:1)
  A blink frog (D:8)
  A shadow (D:6)
  6 yaks (D:8)
  4 steam dragons
  2 water moccasins
  3 hornet zombies (Ossuary)
  3 ice beasts
  A sky beast (D:6)
  2 black bears
  3 ogres
  4 centaurs
  4 kobold brigands
  A phantom (D:8)
  2 wyvern zombies (Ossuary)
  A necrophage (D:5)
  2 bullfrogs
  An elf zombie (D:5)
  A scorpion (D:4)
  An elf skeleton (D:5)
  A water moccasin zombie (Ossuary)
  5 wights (D:8)
  7 killer bees (D:9)
  2 howler monkeys
  An electric eel (Lair:1)
  5 centaur zombies (Ossuary)
  5 bullfrog zombies (Ossuary)
  A jelly (D:7)
  A gnoll bouda (D:6)
  5 hounds (D:6)
  5 orc priests
  A human skeleton (D:5)
  5 iguanas
  2 orc wizards
  3 killer bee zombies (Ossuary)
  12 mummies (Ossuary)
  2 howler monkey zombies (Ossuary)
  3 river rats (Sewer)
  15 adders
  4 white imps
  3 ufetubi
  2 dart slugs (D:5)
  2 worms (D:3)
  34 orcs
  4 endoplasms
  8 giant cockroaches
  5 goblins
  9 hobgoblins
  4 jackals (D:4)
  19 kobolds
  3 quokkas
  8 ball pythons
  3 bats
  7 frilled lizards
  2 orc skeletons (D:5)
  An orc zombie (D:5)
  10 rats
253 creatures vanquished.

Vanquished Creatures (others)
  An angel (D:9)
  2 kobolds (D:9)
  6 withered plants (Ossuary)
9 creatures vanquished.

Grand Total: 262 creatures vanquished

Notes
Turn   | Place    | Note
-------+----------+-------------------------------------------
     0 | D:1      | GeoRichter the Demonspawn Gladiator began the quest for the
                  | Orb.
     0 | D:1      | Reached XP level 1. HP: 16/16 MP: 1/1
    39 | D:1      | Reached skill level 3 in Long Blades
   225 | D:1      | Discovered your monstrous ancestry.
   225 | D:1      | Gained mutation: You have a pair of small antennae on your
                  | head. [demonic ancestry]
   225 | D:1      | Reached XP level 2. HP: 22/22 MP: 2/2
   530 | D:1      | Found a faded altar of an unknown god.
   542 | D:1      | Prayed at the altar of an unknown god.
   542 | D:1      | Became a worshipper of Gozag Ym Sagoz the Greedy
  1047 | D:2      | Gained mutation: You have large cloven feet. [demonic
                  | ancestry]
  1047 | D:2      | Reached XP level 3. HP: 18/27 MP: 3/3
  1187 | D:2      | Reached skill level 4 in Long Blades
  2300 | D:3      | Gained mutation: You regenerate a little health from kills.
                  | [demonic ancestry]
  2300 | D:3      | Reached XP level 4. HP: 29/33 MP: 4/4
  2458 | D:3      | Identified the +2 pair of boots of Elyvilon's Esteem {*Slow
                  | Int+3 Stlth+}
  2467 | D:3      | Found a glowing drain.
  2479 | Sewer    | Entered a sewer
  2562 | Sewer    | Reached skill level 5 in Long Blades
  2920 | Sewer    | Gained mutation: Your touch may inflict minor irresistible
                  | damage on your foes. [demonic ancestry]
  2920 | Sewer    | Reached XP level 5. HP: 38/38 MP: 5/5
  3271 | D:3      | Noticed a +0 dagger
  3271 | D:3      | Noticed a +0 short sword
  3271 | D:3      | Noticed a +0 spear
  3272 | D:3      | Noticed a +0 spear
  3272 | D:3      | Noticed a +0 falchion
  3274 | D:3      | Noticed a +0 short sword
  3274 | D:3      | Noticed a +0 dagger
  3276 | D:3      | Noticed a +0 falchion
  3277 | D:3      | Found a hide-covered altar of Uskayaw.
  3362 | D:3      | Reached skill level 6 in Long Blades
  3966 | D:4      | Noticed a black bear
  3977 | D:4      | Killed a black bear
  3978 | D:4      | Gained mutation: You have hoof-like feet. [demonic
                  | ancestry]
  3978 | D:4      | Reached XP level 6. HP: 42/44 MP: 6/6
  4043 | D:4      | Reached skill level 7 in Long Blades
  4223 | D:4      | Found an iron altar of Okawaru.
  4338 | D:4      | Found a sparkling altar of Nemelex Xobeh.
  4467 | D:4      | Found a staircase to the Ecumenical Temple.
  4696 | D:5      | Entered Level 5 of the Dungeon
  4707 | D:5      | Found a burning altar of Makhleb.
  4888 | D:5      | Found a sand-covered staircase.
  4899 | D:5      | Gained mutation: You regenerate health from kills. [demonic
                  | ancestry]
  4899 | D:5      | Reached XP level 7. HP: 38/51 MP: 7/7
  4957 | D:5      | Reached skill level 1 in Armour
  4967 | Ossuary  | Entered an ossuary
  5360 | Ossuary  | Gained mutation: Your touch may inflict irresistible damage
                  | on your foes. [demonic ancestry]
  5360 | Ossuary  | Reached XP level 8. HP: 58/58 MP: 8/8
  5497 | Ossuary  | Reached skill level 8 in Long Blades
  6628 | D:5      | Reached skill level 9 in Long Blades
  6628 | D:5      | Gained mutation: You have a pair of antennae on your head.
                  | [demonic ancestry]
  6628 | D:5      | Reached XP level 9. HP: 49/66 MP: 9/9
  7377 | D:6      | Reached skill level 5 in Fighting
  7377 | D:6      | Reached skill level 5 in Dodging
  8704 | D:7      | Reached skill level 10 in Long Blades
  9926 | D:8      | Found an ornate altar of the Wu Jian Council.
  9966 | D:8      | Gained mutation: You have hooves in place of feet. [demonic
                  | ancestry]
  9966 | D:8      | Reached XP level 10. HP: 75/76 MP: 10/10
 10131 | D:8      | Reached skill level 5 in Armour
 10409 | D:8      | Reached skill level 1 in Evocations
 10518 | D:8      | Found a staircase to the Lair.
 10535 | D:8      | Found a shadowy altar of Dithmenos.
 11425 | D:9      | Killed an angel
 11663 | D:9      | Found Qilel's General Store.
 11669 | D:9      | Bought a +0 cloak for 58 gold pieces
 11991 | D:9      | Found a shimmering altar of Xom.
 12187 | D:9      | Found a stormy altar of Qazlal.
 12353 | Lair:1   | Entered Level 1 of the Lair of Beasts
 12353 | Lair:1   | Noticed Amaemon
 12355 | Lair:1   | Noticed an orange demon
 12370 | Lair:1   | Killed Amaemon
 12371 | Lair:1   | Reached skill level 11 in Long Blades
 12371 | Lair:1   | Noticed a cane toad
 12488 | D:8      | Slain by a cane toad

Illustrated notes

Levels and vault maps discovered:
D:1:      dpeg_arrival_pond, layout_basic,
          hellmonk_ecumenical_altar_slurped_away, minmay_worlds_worst_comb
D:2:      layout_basic
D:3:      layout_rooms, nicolae_uskayaw_en_pointe, portal_sewer_entry_d
D:4:      layout_basic, overflow_temple_1_default, lemuel_round_altar,
          temple_green, chequers_serial_rivers_small_a
D:5:      wad_crossroads, layout_basic, lightli_temple_of_fire,
          nicolae_ossuary_entry_catacombs, lemuel_flamethrower_1
D:6:      cheibrodos_barr_body, layout_basic
D:7:      layout_loops_ring, hangedman_decor_peaks_small,
          hangedman_abyss_or_decor_stagger
D:8:      layout_layer_cave, lemuel_round_altar, grunt_dithmenos_shadows,
          lair_entry_dummy
D:9:      layout_loops_ring, nicolae_qazlal_scattered_showers,
          lemuel_coloured_pillars_altar,
          grunt_temple_overflow_order_and_chaos_1, serial_shops,
          nicolae_square_shop
Lair:1:   layout_small_grid, st_stairs_3, wad_woods_03, grunt_megastairs_2,
          infiniplex_staircase_pool, uniq_amaemon

Skill      XL: |  1  2  3  4  5  6  7  8  9 10 |
---------------+-------------------------------+-----
Long Blades    | 3 4 5 6 7 9 10 11 | 11.1
Armour         | 2 3 4 5 |  5.8
Dodging        | 3 4 5 6 |  6.6
Fighting       | 3 4 5 7 |  7.0
Evocations     | 2 |  2.8
Throwing       | |  1.7

Action                   |  1- 3 |  4- 6 |  7- 9 | 10-12 || total
-------------------------+-------+-------+-------+-------++-------
Melee: Long sword        |   116 |   195 |   355 |   130 ||   796
       Punch             |     1 |     1 |     9 |       ||    11
       Touch             |       |    23 |    74 |    26 ||   123
       Kick              |       |    14 |   124 |    43 ||   181
Throw: Stone             |    15 |     1 |       |       ||    16
       Boomerang         |       |    13 |     7 |     7 ||    27
       Javelin           |       |       |       |     1 ||     1
Invok: Potion Petition   |       |       |     2 |     1 ||     3
Evoke: Wand              |       |       |       |    17 ||    17
  Use: Scroll            |       |       |    11 |       ||    11
       Potion            |       |       |     2 |     4 ||     6
 Stab: Distracted        |       |       |     2 |       ||     2
Armor: Leather armour    |     6 |       |       |       ||     6
       Ring mail         |    50 |    53 |    92 |    29 ||   224
Dodge: Dodged            |    80 |    87 |   197 |    72 ||   436
